 Dungeon Crawl Stone Soup version 0.31-a0-234-gad7ace16ef (webtiles) character file.

Game seed: 15672618087574946773

112077 Nattfarinn the Devastator (level 16, -27/130 HPs)
             Began as a Demonspawn Venom Mage on July 10, 2023.
             Was a High Priest of Vehumet.
             Annihilated by Mlioglotl (30 damage)
             ... on level 1 of the Shoals.
             The game lasted 02:11:48 (37175 turns).

Nattfarinn the Devastator (Demonspawn Venom Mage)  Turns: 37175, Time: 02:11:49

Health: -27/130    AC: 13    Str: 11      XL:     16   Next: 10%
Magic:  20/37      EV: 17    Int: 23 (26) God:    Vehumet [*****.]
Gold:   1106       SH: 11    Dex: 19      Spells: 3/31 levels left

rFire   + . .        m - +4 shortbow (flame)
rCold   + . .        (shield currently unavailable)
rNeg    . . .        B - +3 leather armour "Bouhaaph" {Fly}
rPois   +            G - +1 helmet {Int+3}
rElec   +            u - scarf {rC+ rF+}
rCorr   +            E - +0 pair of gloves
SInv    .            d - +1 pair of boots
Will    +....        y - amulet of reflection
Stlth   ++           w - ring of magical power
HPRegen 2.41/turn    P - ring of Isemog {Drain rElec rPois rCorr Dex+6}
MPRegen 0.25/turn

%: reflection
@: afraid, flying, studying Dodging
A: large bone plates 2, foul stench 2, powered by death 2, demonic touch 1
a: Renounce Religion


You were on level 1 of the Shoals.
You worshipped Vehumet.
Vehumet was extremely pleased with you.
You visited 5 branches of the dungeon, and saw 24 of its levels.
You also visited: Gauntlet.

You collected 2078 gold pieces.
You spent 972 gold pieces at shops.

Inventory:

Hand Weapons
 m - a +4 shortbow of flaming (weapon)
 T - the +6 spear of Eser {speed, Will+ Int+3}
   (You found it on level 3 of the Lair of Beasts)

   Int:       It affects your intelligence (+3).
   Will:      It increases your willpower.
Armour
 d - a +1 pair of boots (worn)
 u - a scarf of resistance (worn)
 B - the +3 leather armour "Bouhaaph" (worn) {Fly}
   (You bought it in a shop on level 2 of the Orcish Mines)

   Fly:       It grants you flight.
 E - a +0 pair of gloves (worn)
 G - a +1 helmet of intelligence (worn)
 O - the +3 Mad Mage's Maulers {Infuse+∞ VampMP -Cast}
   (You found it in a Gauntlet)

   Infuse+∞: It empowers its wearer's blows with all of their magic.
   VampMP:    Blows struck in melee replenish the wearer's magic.
   -Cast:     It prevents spellcasting.
Magical Staves
 s - a staff of conjuration
Jewellery
 a - a +6 ring of intelligence
 c - a ring of ice
 n - a ring of willpower
 w - a ring of magical power (left hand)
 y - an amulet of reflection (around neck)
 z - a ring of ice
 M - a +6 ring of dexterity
 P - the ring of Isemog (right hand) {Drain rElec rPois rCorr Dex+6}
   (You found it in a Gauntlet)

   [ring of dexterity]

   Dex:       It affects your dexterity (+6).
   rElec:     It insulates you from electricity.
   rPois:     It protects you from poison.
   rCorr:     It protects you from acid and corrosion.
   Drain:     It drains your maximum health when unequipped.
 V - the macabre finger necklace {Finger+ rN+}
   (You found it on level 4 of the Lair of Beasts)

   [amulet of nothing]

   Finger+:   It enables you to equip an extra ring.
   rN:        It protects you from negative energy.
 X - a ring of protection from fire
Wands
 D - a wand of flame (17)
 Q - a wand of light (5)
 R - a wand of polymorph (4)
 S - a wand of digging (10)
 U - a wand of roots (15)
Scrolls
 e - 6 scrolls of teleportation
 f - a scroll of immolation
 q - a scroll of amnesia
 t - 3 scrolls of poison
 J - a scroll of revelation
 N - 2 scrolls of blinking
 W - 2 scrolls of brand weapon
 Z - 3 scrolls of fog
Potions
 b - a potion of might {unknown}
 g - 10 potions of curing
 h - 11 potions of haste
 j - 3 potions of enlightenment
 k - 3 potions of resistance
 l - a potion of ambrosia {unknown}
 p - 6 potions of lignification
 v - 5 potions of magic
 x - 2 potions of invisibility {unknown}
 A - 2 potions of brilliance {unknown}
 C - 3 potions of berserk rage
 F - a potion of attraction {unknown}
 I - 4 potions of heal wounds {unknown}
 K - 2 potions of cancellation {unknown}
 L - a potion of mutation {unknown}


   Skills:
 - Level 13.0 Fighting
 - Level 8.1 Ranged Weapons
 - Level 8.0 Armour
 - Level 8.3 Dodging
 - Level 1.7 Stealth
 + Level 8.0 Spellcasting
 - Level 15.8 Conjurations
 - Level 0.8 Transmutations
 - Level 12.0 Air Magic
 - Level 7.0 Poison Magic


You had 3 spell levels left.
You knew the following spells:

 Your Spells              Type           Power      Damage    Failure   Level
a - Sting                 Tmut/Pois      100%       1d8       1%          1
b - Olgreb's Toxic Radia  Pois           41%        N/A       1%          4
c - Mephitic Cloud        Conj/Pois/Air  58%        N/A       1%          3
d - Ignite Poison         Fire/Tmut/Pois 21%        N/A       2%          3
e - Conjure Ball Lightni  Conj/Air       32%        3x3d10    1%          6
f - Poisonous Vapours     Pois/Air       100%       N/A       1%          2
g - Airstrike             Air            29%        2d(5-21)  1%          4
h - Arcjolt               Conj/Air       32%        1d42      1%          5

Your spell library contained the following spells:

 Spells                   Type           Power      Damage    Failure   Level
 Eringya's Noxious Bog    Tmut/Pois      13%        4d6       54%         6
 Magic Dart               Conj           100%       1d8       0%          1
 Searing Ray              Conj           100%       2d8       0%          2
 Foxfire                  Conj/Fire      100%       2x1d9     1%          1
 Shock                    Conj/Air       100%       1d9       1%          1
 Cigotuvi's Dreadful Rot  Necr/Pois/Air  76%        N/A       1%          2
 Dazzling Flash           Conj/Hex       90%        N/A       1%          3
 Hailstorm                Conj/Ice       45%        3d10      1%          3
 Vhi's Electric Charge    Tloc/Air       72%        N/A       2%          3
 Volatile Blastmotes      Fire/Tloc      18%        2d11      7%          3
 Apportation              Tloc           18%        N/A       9%          1
 Blink                    Tloc           18%        N/A       13%         2
 Ozocubu's Armour         Ice            9%         N/A       26%         3
 Summon Guardian Golem    Hex/Summ       9%         N/A       26%         3
 Tukima's Dance           Hex            9%         N/A       26%         3
 Fulminant Prism          Conj/Hex       22%        3d12      1%          4
 Iskenderun's Mystic Bla  Conj/Tloc      45%        2d10      1%          4
 Freezing Cloud           Conj/Ice/Air   25%        6-21      1%          5
 Orb of Destruction       Conj           35%        9d10      3%          7
 Silence                  Hex/Air        18%        N/A       21%         5
 Plasma Beam              Fire/Air       18%        2x1d29    28%         6
 Alistair's Intoxication  Tmut/Pois      18%        N/A       43%         5
 Yara's Violent Unravell  Hex/Tmut       5%         3d4       45%         5
 Lee's Rapid Deconstruct  Erth           4%         3d5*      50%         5
 Spellforged Servitor     Conj/Summ      22%        N/A       54%         7
 Ice Form                 Ice/Tmut       11%        N/A       58%         4
 Manifold Assault         Tloc           9%         N/A       65%         4
 Passage of Golubria      Tloc           9%         N/A       65%         4
 Maxwell's Capacitive Co  Air            29%        ∞         67%         8
 Summon Forest            Summ/Tloc      4%         N/A       94%         5
 Summon Mana Viper        Hex/Summ       9%         N/A       94%         5
 Storm Form               Tmut/Air       19%        N/A       99%         7
 Lehudib's Crystal Spear  Conj/Erth      22%        10d6      99%         8
 Simulacrum               Ice/Necr       4%         N/A       100%        6
 Summon Cactus Giant      Summ           4%         N/A       100%        6
 Ozocubu's Refrigeration  Ice            4%         4d8       100%        7
 Borgnjor's Revivificati  Necr           4%         N/A       100%        8
 Necromutation            Tmut/Necr      5%         N/A       100%        8
 Death's Door             Necr           4%         N/A       100%        9


Dungeon Overview and Level Annotations

Branches:
Dungeon (15/15)            Temple (1/1) D:5            Lair (5/5) D:9
 Shoals (1/4) Lair:3       Spider (0/4) Lair:3        Slime (0/5) Lair:5
    Orc (2/2) D:9             Elf (0/3) Orc:2        Vaults (0/5) D:14
 Depths (0/4) D:15        Gauntlet (visited)

Altars:
Ashenzari
Fedhas
Nemelex Xobeh
Qazlal
Ru
Sif Muna
Uskayaw
Vehumet
Jiyva
Lugonu

Shops:
D:8 =   D:11 (   Orc:2 [?[[

Portals:
Abyss: Lair:5

Annotations:
D:7 1 runed translucent door, niknal's ghost, novice TrWr
D:10 4 runed translucent doors
Lair:1 1 runed translucent door, Pelmen's ghost, journeyman DrFE
Lair:4 Gargoyl's ghost, journeyman GrBe
Shoals:1 Mlioglotl


Innate Abilities, Weirdness & Mutations

You are mostly covered in large bone plates. (SH +6)
You sometimes emit foul miasma when damaged in melee.
You regenerate health from kills.
Your touch may inflict minor irresistible damage on your foes.


Message History

Mlioglotl churns violently!
Mlioglotl seems to grow stronger.
The water elemental hits you.
The water elemental engulfs you in water!
You cannot cast spells while unable to breathe!
Unknown command.
You cannot cast spells while unable to breathe!
There are no items here.
You cannot move away from the merfolk siren!
You cannot move away from the merfolk siren!
You feel better.
Your lungs strain for air!
Mlioglotl churns violently!
Mlioglotl corrupts the dungeon around him!
The worldbinder calls forth creatures from the Crypt!
The merfolk siren chants its luring song.
The water elemental hits you! The caustic shrike zombie claws you!
* * * LOW HITPOINT WARNING * * *
Mlioglotl hits you.
* * * LOW HITPOINT WARNING * * *
Mlioglotl tramples you!
* * * LOW HITPOINT WARNING * * *
You are shoved backwards!
Found a trident.
The bunyip gives a hideous shriek!
Your magical contamination has completely faded away.
You cannot read scrolls while unable to breathe!
Okay, then.
Aiming: Throw Flame
Press: ? - help, Shift-Dir - straight line, f/p - merfolk siren
Aim: a merfolk siren, wielding a +0 spear (almost dead, mesmerising, 60% to hit)
You are no longer entranced.
Vehumet accepts your kill.
You feel your power returning.
You hear a splash.
You feel a bit more experienced. The water engulfing you falls away.
You gasp with relief as air once again reaches your lungs.
The worldbinder calls forth creatures from the Crypt!
The caustic shrike zombie claws you!
* * * LOW HITPOINT WARNING * * *
You block Mlioglotl's attack. Mlioglotl tramples you!!
You die...

~~~~~~~..##...)
~~~~~~~~....#..
~~~~~~~~.......
≈≈≈≈≈~~~~~~~~~~
≈≈≈≈≈≈~~~~m~~~~
≈≈≈≈≈≈~~~§x.~~~
≈≈≈≈≈≈≈~§~~~~~~
≈≈≈≈≈~~@~~~~~~~
≈≈≈≈≈~WXZ)~~~~~
≈≈≈~~~~E~~~~~~~
≈≈≈~~~~~5~~~~~.
≈≈≈~~~~~W~~~~).
≈≈≈~~xW~~~~~#..
≈≈≈~~..x~~~~~~.
≈≈≈~~~$..W.....
≈≈≈~~~~..###.#.


You could see Mlioglotl (strong, scary), a bunyip (summoned), 4 freezing
wraiths, a water elemental, a worldbinder (summoned), a small abomination
(summoned), an iron imp (summoned) and a caustic shrike zombie (summoned).

Vanquished Creatures
  Rupert (Orc:2)
  Gastronok (Lair:1)
  Donald (Orc:2)
  Kirke (D:13)
  The ghost of Boihitt the Warrior, a journeyman DjEE of Makhleb (Lair:3)
  A minotaur (Gauntlet)
  Azrael (Orc:2)
  The ghost of Beaer the Severer, a journeyman HOFi of Okawaru (Lair:3)
  Snorg (D:14)
  Josephine (Orc:1)
  The ghost of Acsiumeo the Grappler, a journeyman DrMo of Yredelemnul (Lair:3)
  An ettin (D:15)
  A merfolk impaler (Shoals:1)
  A fire dragon (D:15)
  Fannar (Orc:1)
  Harold (D:11)
  The ghost of Gargoyl the Cleaver, a journeyman GrBe of Trog (Lair:3)
  7 hydras
  A catoblepas (D:14)
  A death knight (D:14)
  An ogre mage (D:10)
  4 centaur warriors
  4 boulder beetles
  2 dancing weapons (D:14)
  4 tengu warriors
  2 death yaks (Lair:5)
  5 two-headed ogres
  A hell knight (D:14)
  3 thrashing horrors (Lair:5)
  9 skeletal warriors
  Nergalle (D:11)
  A skyshark (Lair:2)
  A pharaoh ant (Lair:3)
  A fire crab (Gauntlet)
  A deep troll (D:15)
  A phantasmal warrior (D:14)
  A wizard (D:14)
  5 deep elf pyromancers
  2 orc sorcerers
  3 orc knights (Orc:2)
  16 ugly things
  3 oklob plants
  6 manticores
  5 cyclopes
  An elephant (D:9)
  2 merfolk sirens
  9 black mambas
  Maurice (D:12)
  A torpor snail (Lair:5)
  Joseph (D:9)
  A guardian serpent (shapeshifter) (Lair:5)
  A black mamba (shapeshifter) (D:11)
  A smoke demon (Lair:5)
  A gargoyle (D:11)
  2 minotaur zombies (Gauntlet)
  3 unseen horrors
  12 cane toads
  3 rime drakes
  An efreet (D:14)
  5 komodo dragons
  A freezing wraith (D:14)
  An ancient zyme (Lair:5)
  2 tengu conjurers (D:15)
  3 polar bears
  9 trolls
  A raiju (Gauntlet)
  Prince Ribbit (D:8)
  21 blink frogs
  2 hornets (Gauntlet)
  A blink frog (shapeshifter) (Lair:5)
  6 dream sheep (Lair:4)
  7 slime creatures
  3 jumping spiders (Lair:3)
  2 ynoxinuls (Lair:5)
  A spriggan (Lair:5)
  59 yaks
  3 shadows
  7 wyverns
  6 wraiths
  6 basilisks
  6 fire bats (Gauntlet)
  3 hogs (D:13)
  2 chaos spawn (Lair:5)
  4 fire elementals
  4 vampire mosquitoes (D:12)
  3 steam dragons
  A warg (Orc:2)
  16 water moccasins
  5 large abominations (Lair:5)
  7 hell hounds
  24 orc warriors
  5 black bears
  2 ice beasts
  2 sky beasts
  A black bear (shapeshifter) (D:14)
  16 wolves
  4 ogres
  23 centaurs
  A phantom (D:6)
  7 kobold brigands
  5 gnoll sergeants
  12 bullfrogs
  2 scorpions (D:6)
  9 small abominations (Lair:5)
  5 wights (D:6)
  29 killer bees
  4 howler monkeys
  4 jellies
  2 gnoll boudas (D:7)
  4 hounds
  9 orc priests
  An iguana (D:6)
  25 orc wizards
  25 gnolls
  9 adders
  A shadow imp (D:6)
  2 white imps
  2 worms (D:2)
  7 dart slugs
  51 orcs
  9 bats
  3 endoplasms
  4 giant cockroaches
  3 hobgoblins
  41 kobolds
  4 quokkas
  8 ball pythons
  3 frilled lizards
  10 goblins
  7 rats
731 creatures vanquished.

Vanquished Creatures (others)
  74 ball lightnings
  78 foxfires
152 creatures vanquished.

Grand Total: 883 creatures vanquished

Notes
Turn   | Place    | Note
-------+----------+-------------------------------------------
     0 | D:1      | Nattfarinn the Demonspawn Venom Mage began the quest for
                  | the Orb.
     0 | D:1      | Reached XP level 1. HP: 13/13 MP: 3/3
   212 | D:1      | Gained mutation: Your touch may inflict minor irresistible
                  | damage on your foes. [demonic ancestry]
   212 | D:1      | Reached XP level 2. HP: 19/19 MP: 1/5
   843 | D:1      | Reached XP level 3. HP: 21/24 MP: 0/6
  1455 | D:2      | Reached XP level 4. HP: 27/30 MP: 0/8
  1533 | D:2      | Learned a level 4 spell: Olgreb's Toxic Radiance
  1765 | D:2      | Found a hide-covered altar of Uskayaw.
  1955 | D:2      | Reached XP level 5. HP: 35/35 MP: 7/9
  1977 | D:2      | Reached skill level 5 in Poison Magic
  3635 | D:4      | Noticed a black bear
  3647 | D:4      | Killed a black bear
  3648 | D:4      | Gained mutation: You may rarely emit foul miasma when
                  | damaged in melee. [demonic ancestry]
  3648 | D:4      | Reached XP level 6. HP: 41/41 MP: 2/11
  3951 | D:4      | Found a blossoming altar of Fedhas.
  3952 | D:4      | Found a sacrificial altar of Ru.
  4427 | D:5      | Entered Level 5 of the Dungeon
  4637 | D:5      | Learned a level 3 spell: Mephitic Cloud
  4830 | D:5      | Gained mutation: You regenerate a little health from kills.
                  | [demonic ancestry]
  4830 | D:5      | Reached XP level 7. HP: 31/46 MP: 5/13
  4939 | D:5      | Found a staircase to the Ecumenical Temple.
  4951 | Temple   | Entered the Ecumenical Temple
  5048 | Temple   | Became a worshipper of Vehumet
  5385 | D:5      | Reached skill level 2 in Conjurations
  5500 | D:5      | Reached skill level 3 in Conjurations
  5715 | D:6      | Noticed a yak
  5746 | D:6      | Noticed a yak
  5746 | D:6      | Noticed a yak
  5755 | D:6      | Killed a yak
  5756 | D:6      | Reached skill level 4 in Conjurations
  5756 | D:6      | Killed a yak
  5757 | D:6      | Reached skill level 5 in Conjurations
  5757 | D:6      | Gained mutation: You are partially covered in large bone
                  | plates. (SH +4) [demonic ancestry]
  5757 | D:6      | Reached XP level 8. HP: 52/52 MP: 2/14
  5767 | D:6      | Reached skill level 6 in Conjurations
  5941 | D:6      | Learned a level 3 spell: Ignite Poison
  6031 | D:6      | Reached skill level 7 in Conjurations
  6240 | D:6      | Reached skill level 8 in Conjurations
  6522 | D:6      | Gained mutation: You are mostly covered in large bone
                  | plates. (SH +6) [demonic ancestry]
  6522 | D:6      | Reached XP level 9. HP: 23/57 MP: 10/15
  6524 | D:6      | Reached skill level 9 in Conjurations
  6524 | D:6      | Reached * piety under Vehumet
  6524 | D:6      | Offered knowledge of Foxfire by Vehumet.
  6596 | D:6      | Learned a level 1 spell: Foxfire
  6808 | D:6      | Reached skill level 1 in Fighting
  6977 | D:6      | Noticed a troll
  6983 | D:6      | Killed a troll
  7550 | D:7      | Reached skill level 5 in Fighting
  7552 | D:7      | Noticed a troll
  7556 | D:7      | Killed a troll
  7556 | D:7      | Reached ** piety under Vehumet
  7556 | D:7      | Offered knowledge of Magic Dart by Vehumet.
  7764 | D:7      | Reached XP level 10. HP: 59/79 MP: 14/16
  7868 | D:7      | Found a stormy altar of Qazlal.
  8519 | D:7      | Found a runed translucent door.
  8519 | D:7      | Noticed niknal's ghost (novice TrWr)
  8534 | D:7      | Learned a level 2 spell: Poisonous Vapours
  8875 | D:8      | Reached skill level 5 in Spellcasting
  9051 | D:8      | Offered knowledge of Hailstorm by Vehumet.
  9286 | D:8      | Found Ylerruot's Jewellery Shoppe.
  9298 | D:8      | Noticed a tengu warrior
  9305 | D:8      | Killed a tengu warrior
  9659 | D:8      | Noticed a green ugly thing
  9660 | D:8      | Noticed Prince Ribbit
  9661 | D:8      | Reached *** piety under Vehumet
  9669 | D:8      | Killed Prince Ribbit
 10197 | D:8      | Reached skill level 1 in Ranged Weapons
 10386 | D:8      | Offered knowledge of Airstrike by Vehumet.
 10447 | D:8      | Learned a level 4 spell: Airstrike
 10490 | D:9      | Noticed Joseph
 10494 | D:9      | Killed Joseph
 10657 | D:9      | Noticed a white ugly thing
 10690 | D:9      | Noticed a manticore
 10707 | D:9      | Gained mutation: You sometimes emit foul miasma when
                  | damaged in melee. [demonic ancestry]
 10707 | D:9      | Reached XP level 11. HP: 85/86 MP: 21/22
 10770 | D:9      | Killed a white ugly thing
 10805 | D:9      | Reached skill level 5 in Air Magic
 11026 | D:9      | Reached **** piety under Vehumet
 11090 | D:9      | Offered knowledge of Iskenderun's Battlesphere by Vehumet.
 11220 | D:9      | Found a staircase to the Orcish Mines.
 11470 | D:9      | Noticed a two-headed ogre
 11476 | D:9      | Killed a two-headed ogre
 11482 | D:9      | Noticed a two-headed ogre
 11497 | D:9      | Killed a two-headed ogre
 11763 | D:9      | Found a staircase to the Lair.
 12060 | D:10     | Entered Level 10 of the Dungeon
 12450 | D:10     | Reached ***** piety under Vehumet
 12569 | D:10     | Found a large runed translucent door.
 12569 | D:10     | Found a large runed translucent door.
 12653 | D:10     | Noticed a four-headed hydra
 12659 | D:10     | Found a large runed translucent door.
 12659 | D:10     | Found a large runed translucent door.
 12826 | D:8      | Bought an amulet of reflection for 330 gold pieces
 13198 | D:10     | Got the Discourse on Arcane Combat
 13367 | D:10     | Noticed an ogre mage
 13374 | D:10     | Killed an ogre mage
 13521 | Orc:1    | Entered Level 1 of the Orcish Mines
 13521 | Orc:1    | Noticed Fannar
 13526 | Orc:1    | Killed Fannar
 13527 | Orc:1    | Reached skill level 10 in Air Magic
 13528 | Orc:1    | Reached XP level 12. HP: 92/92 MP: 13/23
 13615 | Orc:1    | Noticed Josephine
 13793 | Orc:1    | Killed Josephine
 13955 | Orc:1    | Offered knowledge of Fulminant Prism by Vehumet.
 14105 | Orc:2    | Entered Level 2 of the Orcish Mines
 14111 | Orc:2    | Noticed Azrael
 14233 | Orc:2    | Noticed Donald
 14237 | Orc:2    | Killed Donald
 14586 | Orc:1    | Learned a level 5 spell: Arcjolt
 15122 | Orc:2    | Reached skill level 10 in Conjurations
 15127 | Orc:2    | Noticed Rupert
 15135 | Orc:2    | Killed Rupert
 15365 | Orc:2    | Killed Azrael
 15366 | Orc:2    | Reached skill level 11 in Conjurations
 15709 | Orc:2    | Found a staircase to the Elven Halls.
 16028 | Orc:2    | Found Payschaa's Magic Scroll Emporium.
 16028 | Orc:2    | Found Ototuc's Antique Armour Shop.
 16030 | Orc:2    | Found Plog's Armour Boutique.
 16032 | Orc:2    | Found Leclyas's Antique Armour Shoppe.
 16036 | Orc:2    | Bought a scroll of brand weapon for 123 gold pieces
 16036 | Orc:2    | Bought a scroll of identify for 26 gold pieces
 16036 | Orc:2    | Bought a scroll of enchant armour for 97 gold pieces
 16036 | Orc:2    | Bought a scroll of enchant weapon for 97 gold pieces
 16039 | Orc:2    | Bought a +0 helmet of intelligence for 138 gold pieces
 16347 | Orc:2    | Bought a polished leather armour for 161 gold pieces
 16347 | Orc:2    | Identified the +3 leather armour "Bouhaaph" {Fly} (You
                  | bought it in a shop on level 2 of the Orcish Mines)
 16468 | D:11     | Noticed a two-headed ogre
 16471 | D:11     | Killed a two-headed ogre
 16512 | D:11     | Reached XP level 13. HP: 98/98 MP: 22/24
 16618 | D:11     | Noticed Harold
 16625 | D:11     | Killed Harold
 16769 | D:11     | Noticed Nergalle
 16774 | D:11     | Killed Nergalle
 16900 | D:11     | Reached skill level 5 in Ranged Weapons
 17112 | D:11     | Offered knowledge of Fireball by Vehumet.
 17780 | D:11     | Found Jiogecru's Weapon Shoppe.
 18927 | Lair:1   | Entered Level 1 of the Lair of Beasts
 19041 | Lair:1   | Reached skill level 12 in Conjurations
 19355 | Lair:1   | Noticed Gastronok
 19368 | Lair:1   | Killed Gastronok
 19499 | Lair:1   | Found a runed translucent door.
 19532 | Lair:1   | Identified the +4 trident "Loezi" {speed, rF+ rC+ Int+4
                  | SInv}
 19535 | Lair:1   | Noticed Pelmen's ghost (journeyman DrFE)
 19580 | Lair:1   | Reached skill level 13 in Conjurations
 20335 | Lair:2   | Found a gate leading to a gauntlet.
 20393 | Gauntlet | Entered a Gauntlet
 20393 | Gauntlet | Found a transporter.
 20393 | Gauntlet | Found a transporter.
 20427 | Gauntlet | Found a transporter.
 20428 | Gauntlet | Found a transporter.
 20437 | Gauntlet | Found a transporter.
 20439 | Gauntlet | Found a transporter.
 20449 | Gauntlet | Found a transporter.
 20468 | Gauntlet | Found the +3 Mad Mage's Maulers {Infuse+∞ VampMP -Cast}
 20469 | Gauntlet | Found a transporter.
 20484 | Gauntlet | Found a transporter.
 20487 | Gauntlet | Found a transporter.
 20496 | Gauntlet | Found a transporter.
 20498 | Gauntlet | Found a transporter.
 20737 | Gauntlet | Paralysed by a hornet for 2 turns
 20898 | Gauntlet | Offered knowledge of Conjure Ball Lightning by Vehumet.
 20910 | Gauntlet | Identified the ring of Isemog {Drain rElec rPois rCorr
                  | Dex+6}
 20976 | Gauntlet | Noticed a minotaur
 20985 | Gauntlet | Killed a minotaur
 20986 | Gauntlet | Reached skill level 14 in Conjurations
 21049 | Gauntlet | Reached XP level 14. HP: 46/105 MP: 7/25
 22648 | Lair:3   | Found a hole to the Spider Nest.
 22706 | Lair:3   | Reached skill level 15 in Conjurations
 22762 | Lair:3   | Identified the +6 spear of Eser {speed, Will+ Int+3}
 22790 | Lair:3   | Learned a level 6 spell: Conjure Ball Lightning
 22943 | Lair:3   | Found a runed translucent gate.
 22943 | Lair:3   | Found a runed translucent gate.
 22943 | Lair:3   | Found a runed translucent gate.
 22944 | Lair:3   | Noticed Beaer's ghost (journeyman HOFi)
 22945 | Lair:3   | Noticed Gargoyl's ghost (journeyman GrBe)
 22946 | Lair:3   | Noticed Acsiumeo's ghost (journeyman DrMo)
 22948 | Lair:3   | Noticed Gargoyl's ghost (journeyman GrBe)
 22948 | Lair:3   | Noticed Boihitt's ghost (journeyman DjEE)
 23029 | Lair:3   | Found a staircase to the Shoals.
 23345 | Lair:3   | Identified the +0 robe "Luton" {Rampage Dex+2}
 24254 | Lair:4   | Found the macabre finger necklace {Finger+ rN+}
 25331 | Lair:5   | Entered Level 5 of the Lair of Beasts
 25336 | Lair:5   | Offered knowledge of Irradiate by Vehumet.
 25721 | Lair:5   | Found a staircase to the Slime Pits.
 25721 | Lair:5   | Found a viscous altar of Jiyva.
 25738 | Lair:5   | Reached skill level 10 in Fighting
 26615 | Lair:5   | Found a blossoming altar of Fedhas.
 27737 | Lair:5   | Gained mutation: You regenerate health from kills. [demonic
                  | ancestry]
 27737 | Lair:5   | Reached XP level 15. HP: 113/120 MP: 23/26
 28469 | Lair:5   | Found a corrupted altar of Lugonu.
 28469 | Lair:5   | Found a one-way gate to the infinite horrors of the Abyss.
 29371 | D:12     | Offered knowledge of Eringya's Noxious Bog by Vehumet.
 29372 | D:12     | Reached skill level 1 in Armour
 29422 | D:12     | Noticed Maurice
 29426 | D:12     | Killed Maurice
 29967 | D:13     | Noticed Kirke
 30544 | D:13     | Killed Kirke
 31258 | D:13     | Found a sparkling altar of Nemelex Xobeh.
 31771 | D:14     | Reached skill level 5 in Dodging
 31850 | D:14     | Reached skill level 5 in Armour
 32296 | D:14     | Noticed Snorg
 32303 | D:14     | Killed Snorg
 32717 | D:14     | Found a gate to the Vaults.
 33135 | D:14     | Identified a scroll of acquirement
 33135 | D:14     | Acquired a book of Conjurations
 33776 | D:15     | Entered Level 15 of the Dungeon
 34966 | D:14     | Reached XP level 16. HP: 112/127 MP: 18/27
 35235 | D:15     | Found a broken altar of Ashenzari.
 35312 | D:15     | Found a staircase to the Depths.
 35915 | Lair:3   | Killed Acsiumeo's ghost
 35922 | Lair:3   | Killed Beaer's ghost
 36807 | Lair:3   | Killed Gargoyl's ghost
 36915 | Lair:3   | Killed Boihitt's ghost
 37160 | Shoals:1 | Entered Level 1 of the Shoals
 37160 | Shoals:1 | Noticed Mlioglotl
 37175 | Shoals:1 | HP: 3/130 [caustic shrike zombie[Mlioglotl] (12)]
 37175 | Shoals:1 | Annihilated by Mlioglotl

Illustrated notes

Levels and vault maps discovered:
D:1:      dpeg_arrival_line_fractal, layout_rooms,
          chequers_serial_rivers_micro_a
D:2:      layout_loops_cross, basic_altar, minivault_25
D:3:      minmay_angry_zag, layout_basic, item_on_display_a
D:4:      layout_basic, jmf_multi_god_temple, serial_aquarium,
          aquarium_bridge_straight [aquarium_subvault_bridge,
          aquarium_subvault_wall, aquarium_subvault_bridge,
          aquarium_subvault_wall], aquarium_window_corner, aquarium_window_1,
          aquarium_window_fake, aquarium_view_2e, nicolae_letterblocks
          [nicolae_letter_subblock, nicolae_letter_subblock,
          nicolae_letter_subblock, nicolae_letter_subblock,
          nicolae_letter_subblock, nicolae_letter_subblock,
          nicolae_letter_subblock, nicolae_letter_subblock,
          nicolae_letter_subblock, nicolae_letter_subblock,
          nicolae_letter_subblock, nicolae_letter_subblock,
          nicolae_letter_subblock, nicolae_letter_subblock,
          nicolae_letter_subblock, nicolae_letter_subblock,
          nicolae_letter_subblock, nicolae_letter_subblock,
          nicolae_letter_subblock, nicolae_letter_subblock,
          nicolae_letter_subblock, nicolae_letter_subblock,
          nicolae_letter_subblock, nicolae_letter_subblock,
          nicolae_letter_subblock]
D:5:      layout_cave_pools, minmay_temple_entry_mini_moons
D:6:      minmay_flawed_box, layout_basic, glass_columns_b
D:7:      layout_gridville, serial_glass, glass_columns_b, glass_columns_a,
          gammafunk_ghost_grave, minmay_ruined_shrine
D:8:      layout_loops_ring, minmay_shop_enchanted_jewellery,
          corexii_leaking_fountain, minmay_liquid_box, grunt_potential,
          uniq_prince_ribbit1
D:9:      layout_roguey, david_lair_generic, david_orc_2,
          hangedman_decor_lopped, kb_rosetta, uniq_joseph
D:10:     layout_layer_cave, minmay_hollow_rounded_squares
D:11:     layout_cave_pods, serial_shops, shop, grunt_tough_drop, uniq_nergalle,
          uniq_harold
D:12:     layout_gridville, serial_rivers, chequers_serial_rivers_micro_c,
          chequers_serial_rivers_micro_a, chequers_serial_rivers_marsh,
          chequers_serial_rivers_micro_e, chequers_serial_rivers_room_a,
          minmay_misc_feat_columns, uniq_maurice
D:13:     layout_small_grid, corexii_checkpoint_a, nemelex_diamond_rough_becter,
          uniq_kirke
D:14:     layout_loops_ring, erik_vaults_1, hex_medium, minmay_quadrilaterals,
          uniq_snorg
D:15:     hangedman_depths_entry_civil_slaughter, layout_gridville,
          evilmike_ruin_ashenzari
Temple:   mainiacjoe_temple_cubbyholes
Lair:1:   layout_loops_ring, ebering_ghost_funeral_grove, uniq_gastronok
Lair:2:   layout_long_grid, gauntlet_entry_generic, infiniplex_staircase_pool
Lair:3:   layout_chaotic_city, minmay_shoals_entry_lonely_mermaid,
          nicolae_spider_entry_lesser_pyramids, gammafunk_ghost_cemetery
Lair:4:   layout_cave_pods, st_stairs_6, grunt_forest_small_clearing_treed
Lair:5:   hellmonk_lair_end_abyssal_woods, layout_small_grid, slime_entry_1,
          tgw_fedhas
Shoals:1: layout_shoals, uniq_mlioglotl
Orc:1:    nicolae_orc_accident_2, layout_diamond_mine, basic_altar,
          uniq_erolcha, uniq_josephine, uniq_fannar
Orc:2:    st_orc_rangers, layout_caves, portal_ice_cave_entry_pillars_2,
          basic_altar, uniq_donald, uniq_rupert, uniq_azrael

Skill      XL: |  1  2  3  4  5  6  7  8  9 10 11 12 13 14 15 16 |
---------------+-------------------------------------------------+-----
Poison Magic   | 4 6 7 |  7.0
Spellcasting   | 3 4 7 8 |  8.0
Conjurations   | 5 8 9 11 14 15 | 15.8
Fighting       | 7 8 11 13 | 13.0
Ranged Weapons | 2 3 8 |  8.1
Air Magic      | 4 10 12 | 12.0
Dodging        | 8 |  8.3
Armour         | 7 8 |  8.0
Stealth        | |  1.7
Transmutations | |  0.8

Action                     |  1- 3 |  4- 6 |  7- 9 | 10-12 | 13-15 | 16-18 || total
---------------------------+-------+-------+-------+-------+-------+-------++-------
  Melee: Unarmed           |     1 |       |       |       |       |       ||     1
         Short sword       |    23 |    27 |    32 |       |       |       ||    82
         Touch             |     5 |     8 |     3 |       |       |       ||    16
   Fire: Shortbow          |       |       |       |   154 |   386 |    37 ||   577
   Cast: Sting             |    83 |   113 |    20 |       |       |       ||   216
         Olgreb's Toxic Ra |       |    10 |    30 |    88 |    81 |       ||   209
         Mephitic Cloud    |       |     2 |    13 |    11 |     4 |       ||    30
         Ignite Poison     |       |       |    15 |    49 |    42 |       ||   106
         Foxfire           |       |       |    25 |    23 |       |       ||    48
         Poisonous Vapours |       |       |       |    10 |     3 |       ||    13
         Airstrike         |       |       |       |   148 |   452 |    31 ||   631
         Arcjolt           |       |       |       |       |    59 |    20 ||    79
         Conjure Ball Ligh |       |       |       |       |    14 |    12 ||    26
  Evoke: Wand              |       |       |       |       |     1 |     1 ||     2
    Use: Scroll            |       |       |     9 |    17 |    12 |     5 ||    43
         Potion            |       |       |     2 |       |       |     2 ||     4
 Armour: Robe              |    18 |    16 |    11 |       |       |       ||    45
         Troll leather arm |       |       |     5 |    44 |       |       ||    49
         Leather armour    |       |       |       |       |   105 |    23 ||   128
  Dodge: Dodged            |    44 |    54 |    43 |   116 |   190 |    32 ||   479
  Block: Other             |       |       |     9 |   103 |   198 |    33 ||   343
         Reflection        |       |       |       |    19 |    17 |       ||    36

Table legend: (Time is in decaauts)
 A = Elapsed time spent in this place.
 B = Non-inter-level travel time spent in this place.
 C = Inter-level travel time spent in this place.
 D = Time resting spent in this place.
 E = Time spent auto-exploring this place.
 F = Levels seen in this place.
 G = Mean time per level.
                   A        B        C        D        E       F      G
               +--------+--------+--------+--------+--------+-----+--------+
         Total |  37396 |  34415 |   2981 |   7473 |  22283 |  25 | 1495.8 |
       Dungeon |  23241 |  21127 |   2114 |   4144 |  14278 |  15 | 1549.4 |
        Temple |    207 |    190 |     17 |    151 |     22 |   1 |  207.0 |
          Lair |  10312 |   9626 |    686 |   1783 |   6635 |   5 | 2062.4 |
        Shoals |     15 |     15 |      0 |      0 |      0 |   1 |   15.0 |
  Orcish Mines |   2678 |   2514 |    164 |   1152 |    962 |   2 | 1339.0 |
      Gauntlet |    941 |    941 |      0 |    243 |    385 |   1 |  941.0 |
               +--------+--------+--------+--------+--------+-----+--------+

Top non-repeatable levels by time:
  Lair:4: 2992 daAuts
  Lair:5: 2623 daAuts
    D:11: 2440 daAuts
    D:14: 2369 daAuts
  Lair:3: 2164 daAuts
     D:9: 2057 daAuts
     D:6: 2001 daAuts
    D:12: 1811 daAuts
     D:8: 1711 daAuts
    D:13: 1586 daAuts
   Orc:2: 1551 daAuts
    D:10: 1519 daAuts
     D:4: 1334 daAuts
  Lair:1: 1275 daAuts
  Lair:2: 1256 daAuts
